 Dungeon Crawl Stone Soup version 0.27.0-1-g7a089689b8 (webtiles) character file.

Game seed: 10944337905673186091

249 voltaire321 the Stinger (level 5, -5/41 HPs)
             Began as a Draconian Venom Mage on Aug 12, 2021.
             Was an Initiate of Sif Muna.
             Slain by a wraith (8 damage)
             ... on level 4 of the Dungeon.
             The game lasted 00:12:27 (4975 turns).

voltaire321 the Stinger (Draconian Venom Mage)      Turns: 4975, Time: 00:12:28

Health: -5/41      AC:  5    Str: 11    XL:     5   Next: 86%
Magic:  9/9        EV: 12    Int: 15    God:    Sif Muna [......]
Gold:   237        SH:  0    Dex: 12    Spells: 3/9 levels left

rFire    . . .     SeeInvis .   c - +0 dagger
rCold    . . .     Faith    .   (no shield)
rNeg     . . .     Spirit   .   (armour unavailable)
rPois    .         Reflect  .   (helmet restricted)
rElec    .         Harm     .   (no cloak)
rCorr    .         Rampage  .   (no gloves)
Will     .....                  (no boots)
Stlth    ++........             (no amulet)
HPRegen  0.13/turn              b - +4 ring of slaying
MPRegen  0.11/turn              (no ring)

@: slowed, very slow
A: AC +5, unfitting armour, cold-blooded
a: Renounce Religion


You were on level 4 of the Dungeon.
You worshipped Sif Muna.
Sif Muna was noncommittal.
You visited 2 branches of the dungeon, and saw 6 of its levels.

You collected 237 gold pieces.

Inventory:

Hand Weapons
 c - a +0 dagger (weapon)
Jewellery
 b - a +4 ring of slaying (left hand)
 t - an amulet of guardian spirit
Wands
 p - a wand of charming (8)
Scrolls
 a - a scroll of amnesia {unknown}
 d - 9 scrolls of identify {unknown}
 h - a scroll of enchant armour {unknown}
 j - a scroll of blinking {unknown}
 k - a scroll of noise {unknown}
 l - a scroll of acquirement {unknown}
 m - 3 scrolls of teleportation {unknown}
 n - 3 scrolls of immolation {unknown}
 q - 2 scrolls of magic mapping {unknown}
 s - 2 scrolls of fog {unknown}
 u - a scroll of enchant weapon {unknown}
Potions
 e - a potion of might {unknown}
 f - a potion of curing {unknown}
 g - a potion of mutation {unknown}
 i - a potion of attraction {unknown}
 o - a potion of brilliance {unknown}
 r - 3 potions of heal wounds {unknown}
 v - a potion of lignification {unknown}


   Skills:
 + Level 2.2 Fighting
 + Level 2.6 Dodging
 - Level 1.7 Stealth
 + Level 2.8 Spellcasting
 + Level 1.2 Conjurations
 + Level 2.2 Transmutations
 + Level 1.6 Air Magic
 + Level 3.8 Poison Magic
 + Level 1.1 Invocations


You had 3 spell levels left.
You knew the following spells:

 Your Spells              Type           Power      Damage    Failure   Level
a - Sting                 Tmut/Pois      44%        1d5       6%          1
b - Poisonous Vapours     Pois/Air       20%        N/A       10%         2
c - Mephitic Cloud        Conj/Pois/Air  8%         N/A       24%         3

Your spell library contained the following spells:

 Spells                   Type           Power      Damage    Failure   Level
 Ignite Poison            Fire/Tmut/Pois 8%         N/A       26%         3
 Blink                    Tloc           N/A        N/A       30%         2
 Olgreb's Toxic Radiance  Pois           13%        N/A       38%         4
 Bolt of Magma            Conj/Fire/Erth 1%         4d4       99%         5
 Manifold Assault         Tloc           2%         N/A       99%         5
 Storm Form               Tmut/Air       3%         N/A       100%        7


Dungeon Overview and Level Annotations

Branches:
Dungeon (5/15)             Temple (1/1) D:4

Altars:
Elyvilon
Gozag
Kikubaaqudgha
Makhleb
Nemelex Xobeh
Okawaru
Ru
Sif Muna
Trog
Uskayaw
Wu Jian
Xom


Innate Abilities, Weirdness & Mutations

Your plain brown scales are hard. (AC +5)
You cannot fit into any form of body armour.
You are cold-blooded and may be slowed by cold attacks.


Message History

The phantom is severely damaged.
The phantom hits you but does no damage.
You miss the phantom.
The phantom is severely damaged.
The phantom hits you.
* * * LOW HITPOINT WARNING * * *
You hit the phantom.
The phantom is almost destroyed.
The phantom hits you.
* * * LOW HITPOINT WARNING * * *
The phantom blinks!
You blink.
You hit the phantom.
The phantom is almost destroyed.
The phantom hits you but does no damage.
You hit the phantom.
You destroy the phantom!
Sif Muna accepts your kill.
Your Invocations skill increases to level 1!
You start resting.
Magic restored.
You start resting.
HP restored.
There is a stone staircase leading down here.
You climb downwards.
The wraith closely misses you.
There is a stone staircase leading up here.
You hit the wraith but do no damage. The wraith hits you.
You hit the wraith but do no damage. The wraith hits you!
The wraith drains your vigour!
You feel yourself slow down.
You closely miss the wraith. The wraith hits you. The wraith hits you!
* * * LOW HITPOINT WARNING * * *
The wraith drains your vigour!
You feel as though you will be slow longer.
The wraith hits you.
* * * LOW HITPOINT WARNING * * *
The wraith drains your vigour!
You feel as though you will be slow longer.
You climb upwards.
There is a stone staircase leading down here.
The wraith hits you!
You die...

## #. #. #. #.
############)
#.........##.
############.#######.##.
#......@>...............
##.#####W...............
#.# #.............#.##.
#.# #.#####.#.#...#.##.
#.# #.# #.#.#...#.##.
#.# #.# #.#.#...#.##.
#.# #.#####.#.#...#....
#.# #.............#..#.
#.#######..............


You could see a wraith.

Vanquished Creatures
  A phantom (D:4)
  A scorpion (D:4)
  An iguana (D:4)
  An adder (D:2)
  A worm (D:1)
  6 orcs
  7 ball pythons
  5 bats
  6 endoplasms
  3 giant cockroaches
  6 goblins
  8 hobgoblins
  9 jackals
  A quokka (D:4)
  A frilled lizard (D:1)
  A kobold (D:1)
  6 rats
64 creatures vanquished.

Notes
Turn   | Place    | Note
-------+----------+-------------------------------------------
     0 | D:1      | voltaire321 the Draconian Venom Mage began the quest for
                  | the Orb.
     0 | D:1      | Reached XP level 1. HP: 14/14 MP: 3/3
   240 | D:1      | Reached XP level 2. HP: 22/22 MP: 0/5
   538 | D:1      | Reached skill level 1 in Fighting
   811 | D:1      | Learned a level 2 spell: Poisonous Vapours
   825 | D:1      | Reached XP level 3. HP: 18/28 MP: 4/6
  1030 | D:1      | Found a faded altar of an unknown god.
  1320 | D:2      | Learned a level 3 spell: Mephitic Cloud
  1558 | D:2      | Found a shimmering altar of Xom.
  2191 | D:3      | Reached XP level 4. HP: 25/35 MP: 3/7
  2303 | D:3      | Found an iron altar of Okawaru.
  2446 | D:3      | Found an ancient bone altar of Kikubaaqudgha.
  2709 | D:3      | You fall into a shaft and drop 1 floor!
  2735 | D:4      | Reached skill level 1 in Air Magic
  3055 | D:4      | Found a bloodstained altar of Trog.
  3098 | D:4      | Found a staircase to the Ecumenical Temple.
  3107 | Temple   | Entered the Ecumenical Temple
  3226 | Temple   | Became a worshipper of Sif Muna the Loreminder
  3362 | D:4      | Noticed a scorpion
  3366 | D:4      | Killed a scorpion
  3367 | D:4      | Reached skill level 1 in Conjurations
  3367 | D:4      | Reached XP level 5. HP: 18/41 MP: 5/8
  4521 | D:5      | Entered Level 5 of the Dungeon
  4521 | D:5      | Noticed an ogre
  4655 | D:5      | Noticed a phantom
  4665 | D:5      | Noticed a wraith
  4695 | D:4      | Killed a phantom
  4696 | D:4      | Reached skill level 1 in Invocations
  4973 | D:5      | HP: 2/41 [wraith (6)]
  4975 | D:4      | Slain by a wraith

Illustrated notes

Levels and vault maps discovered:
D:1:      dpeg_arrival_brainrot, layout_basic,
          chequers_ecumenical_altar_simple_redux
D:2:      layout_loops_corners, basic_altar, minmay_tree_intersection,
          st_stairs_2
D:3:      layout_loops_ring, kiku_gazebo_pond_becter, okawaru_metal_pillars_1_2,
          minmay_misc_feat_chi
D:4:      minmay_inner_zag, layout_basic, mainiacjoe_overflow_six_doors_small,
          minmay_temple_entry_mist
D:5:      layout_rooms, amcnicky_altar_gilded, nicolae_qazlal_general_emergency,
          minmay_misc_feat_encased
Temple:   nicolae_temple_figure_zero

Skill      XL: |  1  2  3  4  5 |
---------------+----------------+-----
Dodging        | 2 |  2.6
Fighting       | 1 2 |  2.2
Air Magic      | 1 |  1.6
Conjurations   | 1 |  1.2
Transmutations | 2 |  2.2
Invocations    | 1 |  1.1
Stealth        | |  1.7
Spellcasting   | |  2.8
Poison Magic   | |  3.8

Action                   |  1- 3 |  4- 6 || total
-------------------------+-------+-------++-------
Melee: Unarmed           |    41 |       ||    41
       Tailslap          |    11 |     3 ||    14
       Dagger            |    45 |    43 ||    88
 Cast: Sting             |    54 |    22 ||    76
       Poisonous Vapours |       |     3 ||     3
 Stab: Sleeping          |     1 |     1 ||     2
Armor: Skin              |    34 |    13 ||    47
Dodge: Dodged            |    64 |    23 ||    87
